 Dungeon Crawl Stone Soup version 0.31.0-1-g2c135a0 (webtiles) character file.

Game seed: 17329016440618648274

49585017 Wizard1ke the Plane Walker (level 27, 228/228 HPs)
             Began as a Djinni Earth Elementalist on Jan 21, 2024.
             Was the Champion of Makhleb.
             Escaped with the Orb
             ... and 15 runes
             ... and 11 gems (all intact) on Jan 22, 2024!
             The game lasted 05:46:33 (29927 turns).

Wizard1ke the Plane Walker (DjEE)                  Turns: 29927, Time: 05:46:33

Health: 228/228    AC: 17    Str: 12    XL:     27
Gold:   5862       EV: 17    Int: 34    God:    Makhleb [******] SH: 26 Dex:  7

rFire   + + +        y - staff of fire
rCold   + . .        U - +5 tower shield {rN+}
rNeg    + + +        L - +3 troll leather armour
rPois   ∞            H - +2 helmet {SInv}
rElec   +            a - +0 cloak "Qaserug" {rElec rCorr Dex-5 Slay-2}
rCorr   +            V - +2 pair of gloves of Sloth {^Drain rC+ Int+2}
SInv    +            (boots unavailable)
Will    +++++        N - amulet of regeneration
Stlth   +            f - +4 ring of protection
HPRegen 2.18/turn    c - ring "Cuuma" {rN+ Will++ Str+2 Dex-2}
MPRegen 0.00/turn

%: no passive effects
@: death-form, flying, studying 2 skills
A: vile attack, torment immunity, no potions, flying, sickness immunity, fire
resistance 2, cold vulnerability 1, float, innate caster, HP casting, extra
vitality 1, claws 1, clever 1, strong 1, MP-powered wands
0: Orb of Zot
}: 15/15 runes: serpentine, barnacled, slimy, silver, golden, iron, obsidian,
icy, bone, abyssal, demonic, glowing, magical, fiery, dark
a: Siphon Essence, Begin Untransformation, Renounce Religion, Minor Destruction,
Lesser Servant of Makhleb, Major Destruction, Greater Servant of Makhleb


You escaped.
You worshipped Makhleb.
Makhleb was exalted by your worship.
You were an undying horror.
You visited 18 branches of the dungeon, and saw 88 of its levels.
You visited Pandemonium 2 times, and saw 15 of its levels.
You visited the Abyss 1 time.
You visited 1 bazaar.
You also visited: Trove, Gauntlet and Wizlab.

You collected 9835 gold pieces.
You spent 3973 gold pieces at shops.

Inventory:

Hand Weapons
 v - the +2 dagger of the Nexus {flame, rC++ rCorr Dex+3 SInv}
   (You found it on level 5 of the Vaults)

   Dex+3:     It affects your dexterity (+3).
   rC++:      It greatly protects you from cold.
   SInv:      It lets you see invisible.
   rCorr:     It protects you from acid and corrosion.
Missiles
 A - 3 throwing nets
Armour
 a - the +0 cloak "Qaserug" (worn) {rElec rCorr Dex-5 Slay-2}
   (You found it in a treasure trove)

   Dex-5:     It affects your dexterity (-5).
   Slay-2:    It affects your accuracy & damage with ranged weapons and melee
   (-2).
   rElec:     It insulates you from electricity.
   rCorr:     It protects you from acid and corrosion.
 H - a +2 helmet of see invisible (worn)
 L - a +3 troll leather armour (worn)
 U - a +5 tower shield of positive energy (worn)
 V - the +2 pair of gloves of Sloth (worn) {^Drain rC+ Int+2}
   (You found it on level 5 of the Vaults)

   Int+2:     It affects your intelligence (+2).
   rC+:       It protects you from cold.
   ^Drain:    It drains your maximum health when unequipped.
Magical Staves
 n - a staff of earth
 y - a staff of fire (weapon)
 I - the staff "Boane" {rC+ rCorr Conj}
   (You found it in Pandemonium)

   [staff of conjuration]

   Base accuracy: +5 Base damage: 5 Base attack delay: 1.2 This weapon's minimum
   attack delay (0.6) is reached at skill level 12.
   rC+:       It protects you from cold.
   rCorr:     It protects you from acid and corrosion.
   Conj:      It increases the power of your Conjurations spells.
   It falls into the 'Staves' category.
   It is a one-handed weapon.
Jewellery
 b - the ring "Sanou" {rN+ Dex+4 Slay+4}
   (You found it on level 3 of the Crypt)

   [ring of positive energy]

   Dex+4:     It affects your dexterity (+4).
   Slay+4:    It affects your accuracy & damage with ranged weapons and melee
   (+4).
   rN+:       It protects you from negative energy.
 c - the ring "Cuuma" (right hand) {rN+ Will++ Str+2 Dex-2}
   (You found it on level 3 of the Crypt)

   [ring of positive energy]

   Str+2:     It affects your strength (+2).
   Dex-2:     It affects your dexterity (-2).
   rN+:       It protects you from negative energy.
   Will++:    It greatly increases your willpower.
 d - a ring of protection from fire
 f - a +4 ring of protection (left hand)
 g - a ring of protection from cold
 i - the ring of Wuywar {Fire +Blink Will+++ Str-5 Dex-2}
   (You found it on level 7 of Cocytus)

   [ring of fire]

   Fire:      It enhances your fire magic.
   Str-5:     It affects your strength (-5).
   Dex-2:     It affects your dexterity (-2).
   rF+:       It protects you from fire.
   rC-:       It makes you vulnerable to cold.
   Will+++:   It greatly increases your willpower.
   +Blink:    It lets you blink.
 o - the ring of Koesarur {rN+ Int+6}
   (You acquired it on level 2 of the Crypt)

   [ring of intelligence]

   Int+6:     It affects your intelligence (+6).
   rN+:       It protects you from negative energy.
 B - the ring of the Grim Orange {rC+ rN+}
   (You found it on level 3 of the Crypt)

   [ring of positive energy]

   rC+:       It protects you from cold.
   rN+:       It protects you from negative energy.
 N - an amulet of regeneration (around neck)
 X - a ring of resist corrosion
Talismans
 m - a talisman of death (active)
Wands
 l - a wand of quicksilver (23)
 w - a wand of paralysis (50)
 z - a wand of mindburst (49)
 F - a wand of roots (52)
 J - a wand of digging (19)
 K - a wand of polymorph (30)
Scrolls
 r - 3 scrolls of vulnerability
 t - 6 scrolls of immolation
 u - a scroll of torment
 E - a scroll of revelation
 G - a scroll of enchant weapon
 O - 5 scrolls of teleportation
 Q - 5 scrolls of poison
 S - 7 scrolls of fear
 T - 2 scrolls of silence {!r}
 Z - 3 scrolls of fog
Potions
 e - 3 potions of heal wounds
 h - 11 potions of lignification
 j - a potion of haste
 k - a potion of brilliance
 p - 2 potions of resistance
 q - 6 potions of invisibility
 s - 4 potions of enlightenment
 D - 6 potions of mutation
 P - 3 potions of attraction
 R - 2 potions of might
 Y - 3 potions of cancellation
Miscellaneous
 x - a box of beasts
 C - a figurine of a ziggurat
 M - a condenser vane
 W - a phial of floods


   Skills:
 O Level 27 Fighting
 O Level 27 Dodging
 - Level 1.5 Stealth
 + Level 23.8 Shields
 O Level 27 Spellcasting
 O Level 27 Conjurations
 O Level 27 Hexes
 O Level 27 Summonings
 O Level 27 Necromancy
 O Level 27 Translocations
 O Level 27 Fire Magic
 O Level 27 Ice Magic
 O Level 27 Air Magic
 O Level 27 Earth Magic
 O Level 27 Alchemy
 - Level 8.0 Evocations
 - Level 23.0 Shapeshifting


You knew the following spells:

 Your Spells              Type           Power      Damage    Failure   Level
a - Sandblast             Erth           100%       2d20      0%          1
b - Passwall              Erth           100%       N/A       0%          3
c - Stone Arrow           Conj/Erth      100%       3d13      0%          3
d - Petrify               Alch/Erth      100%       N/A       0%          4
e - Brom's Barrelling Bo  Conj/Erth      100%       2d11      0%          4
f - Fireball              Conj/Fire      74%        3d28      0%          5
g - Scorch                Fire           100%       2d9       0%          2
h - Volatile Blastmotes   Fire/Tloc      100%       2d18      0%          3
i - Cause Fear            Hex            62%        N/A       0%          4
j - Irradiate             Conj/Alch      62%        3d32      0%          5
k - Sting                 Conj/Alch      100%       1d9       0%          1
l - Dispersal             Tloc           62%        N/A       0%          6
m - Malign Gateway        Summ/Tloc      62%        N/A       0%          7
n - Starburst             Conj/Fire      74%        6d19      0%          6
o - Haunt                 Necr/Summ      62%        N/A       0%          7
p - Lehudib's Crystal Sp  Conj/Erth      62%        10d14     1%          8
q - Shatter               Erth           62%        3d46*     1%          9
r - Fire Storm            Conj/Fire      74%        8d19      1%          9
Your spell library was empty.

Dungeon Overview and Level Annotations

Branches:
Dungeon (15/15)            Temple (1/1) D:6            Lair (5/5) D:8
 Shoals (4/4) Lair:3        Snake (4/4) Lair:3        Slime (5/5) Lair:4
    Orc (2/2) D:11            Elf (3/3) Orc:2        Vaults (5/5) D:14
  Crypt (3/3) Vaults:3       Tomb (3/3) Crypt:3      Depths (4/4) D:15
   Hell (visited)             Dis (7/7) Hell            Geh (7/7) Hell
    Coc (7/7) Hell            Tar (7/7) Hell            Zot (5/5) Depths:4
 WizLab (visited)         Gauntlet (visited)

Altars:
Ashenzari
Cheibriados
Dithmenos
Elyvilon
Fedhas
Gozag
Hepliaklqana
Makhleb
Nemelex Xobeh
Okawaru
Qazlal
Ru
Trog
Uskayaw
Wu Jian
Xom
Yredelemnul
Zin
The Shining One

Shops:
D:4 ?   D:5 ?   D:13 *   Orc:2 *(([   Elf:1 =::[   Shoals:1 (   Snake:3 !
Vaults:3 *=

Portals:
Hell: Depths:1
Abyss: Snake:4 Depths:2 Depths:4
Pandemonium: Depths:2 Depths:4
Ziggurat: Depths:1

Annotations:
D:5 2 transporters
D:9 3 runed translucent doors, exclusion: 3 doors, kimidori's ghost, novice HuWn
D:11 2 transporters, cpf86's ghost, journeyman DjFE
Lair:4 2 transporters
Snake:2 Roxanne
Snake:4 2 transporters, Taxman1966's ghost, adept MiFi
Vaults:2 exclusion: 36 doors
Vaults:5 !vaults warning
Tomb:1 exclusion: downstairs
Tomb:2 Boris
Depths:2 2 runed translucent doors
Depths:4 3 runed translucent doors, exclusion: 3 doors, Polaczum's ghost, adept TrMo


Innate Abilities, Weirdness & Mutations

You are an undying horror.
Your melee and unarmed attacks drain, slow and weaken victims.
You are immune to unholy pain and torment.
You cannot drink.
You are flying.
You are immune to sickness and miasma.
You are immune to poison.
Your flesh is very heat resistant. (rF++)
You are vulnerable to cold. (rC-)
You float through the air rather than walking.
You learn spells naturally, not from books.
Your magical power is your life essence.
You have superior vitality. (+4 MHP)
You have sharp fingernails.
Your mind is acute. (Int +4, Str/Dex -1)
Your muscles are strong. (Str +4, Int/Dex -1)
You expend health (3 HP) to strengthen your wands.


Message History

There is a stone staircase leading down here.
There is a stone staircase leading up here.
You fly upwards.
There is a stone staircase leading down here.
Things that are here:
a +0 leather armour; a +0 whip
Things that are here:
a +0 robe; a +0 dagger
There is a stone staircase leading up here.
You fly upwards.
Level annotation: 2 transporters
There is a stone staircase leading down here.
(D) Dungeon (T) Temple (L) Lair (A) Shoals (P) Snake Pit (M) Slime Pits (O) Orcish Mines (E) Elven Halls (V) Vaults (C) Crypt (W) Tomb (U) Depths (H) Hell (I) Dis (G) Gehenna (X) Cocytus (Y) Tartarus (Z) Zot
Where to? (Tab/Enter - D:1 @ (x,y), ? - help)
There is a stone staircase leading up here.
You fly upwards.
There is a stone staircase leading down here.
There is a stone staircase leading up here.
You fly upwards.
There is a stone staircase leading down here.
There is a stone staircase leading up here.
You fly upwards.
There is a stone staircase leading down here.
There is a stone staircase leading up here.
You fly upwards.
There is a stone staircase leading down here.
There is an open door here.
You reach down and open the door.
There is an open door here.
There is a staircase leading out of the dungeon here.
You are a level 27 Djinni Earth Elementalist.
I'm sorry, level 27 is as high as you can go.
With the way you've been playing, I'm surprised you got this far.
Play time: 05:46:25 (29926 turns).
You are forever immune to Zot's power.
Unknown command.
You have escaped!

####..######..######..
# ..### ..### ..## #
#.. #.. #.. ##### ###
### ### ....# #####
###.### ####### #....
###...# #.....# #....
....#.### ###.....###
#....
.....#..####.'..z..'.#
#....
#...#........#.....#.#
#....
#..#...##....#.....#.#
#....
..#....##....#######.#
#.... .#.....####'##
#[.# #.... #.)##.##
#..######.## ##...
#..##.######........#
#...
.#....##.....###.####
#... ..#...#..#####
#..## #...


There were no monsters in sight!

Vanquished Creatures
  Cerebov (Pan)
  Antaeus (Coc:7)
  the Royal Jelly (Slime:5)
  Asmodeus (Geh:7)
  16 pandemonium lords
  Mnoleg (Pan)
  the Serpent of Hell (Dis:7)
  Ereshkigal (Tar:7)
  Gloorx Vloq (Pan)
  Lom Lobon (Pan)
  3 dread liches
  Dispater (Dis:7)
  Frederick (Crypt:1)
  Khufu (Tomb:3)
  4 orbs of fire
  5 ancient liches
  2 juggernauts (Dis:7)
  24 royal mummies
  Boris (thrice) (Crypt:2 Depths:1 Crypt:3)
  2 Killer Klowns (Zot:5)
  Bai Suzhen (Crypt:1)
  15 shard shrikes
  Vashnia (Snake:2)
  4 golden dragons
  Geryon (Hell)
  22 caustic shrikes
  Nikola (Snake:2)
  9 profane servitors
  3 bone dragons
  8 Brimstone Fiends
  15 Tzitzimimeh
  6 hellephants
  20 iron giants
  14 Ice Fiends
  Jorgrun (Orc:1)
  38 Hell Sentinels
  3 electric golems
  A shard shrike skeleton (Crypt:1)
  9 liches
  13 doom hounds
  A walking earthen tome (Abyss:4)
  13 tentacled monstrosities
  10 tainted leviathans
  33 Orb Guardians
  7 quicksilver dragons
  3 walking frostbound tomes (Pan)
  6 searing wretches
  A death cob (Zot:5)
  7 titans
  A deep elf master archer (Elf:3)
  A deep elf blademaster (Elf:3)
  24 Executioners
  5 sphinxes
  26 acid blobs
  4 eldritch tentacles
  Agnes (D:15)
  2 tentacled starspawn (WizLab)
  Frances (Shoals:2)
  33 ancient champions
  Gastronok (D:9)
  8 shadow dragons
  2 tengu reavers
  21 narguns
  6 revenants
  8 draconian monks
  11 rockslimes
  20 azure jellies
  12 fire giants
  12 nagarajas
  5 draconian knights
  9 protean progenitors
  4 draconian shifters
  5 storm dragons
  4 quicksilver elementals
  3 daevas
  7 demonspawn warmongers (Pan)
  2 iron dragons
  14 vault wardens
  7 frost giants
  An angel (Pan)
  2 ghost moths
  3 draconian scorchers (Zot:4)
  14 shard shrike simulacra
  24 balrugs
  3 spectral caustic shrikes
  2 deep elf sorcerers (Elf:3)
  10 draconian annihilators
  A curse skull (Pan)
  7 formless jellyfish
  6 quicksilver oozes
  An orc warlord (Orc:2)
  2 spriggan defenders (Depths:2)
  7 ironbound preservers
  A deep elf elementalist (Elf:3)
  13 very ugly things
  3 demonspawn blood saints (Pan)
  2 caustic shrike skeletons (Pan)
  2 broodmothers (Pan)
  28 reapers
  A draconian stormcaller (Zot:4)
  7 demonspawn corrupters
  9 stone giants
  2 ironbound thunderhulks
  18 cacodemons
  6 green draconians
  3 juggernaut skeletons (Pan)
  3 black draconians
  A minotaur (Gauntlet)
  6 demonspawn black suns (Pan)
  6 lorocyprocas
  14 putrid mouths
  8 vampire knights
  33 war gargoyles
  6 spark wasps
  6 yellow draconians
  7 deep elf death magi (Elf:3)
  A spectral titan (Tar:3)
  17 wendigos
  4 bennus
  18 elemental wellsprings
  6 purple draconians
  6 white draconians
  14 deep elf annihilators
  Azrael (Snake:2)
  5 deep elf demonologists
  5 red draconians
  8 eidola
  28 blizzard demons
  7 green deaths
  4 crystal guardians (Depths:1)
  17 ettins
  6 jiangshi
  An elf zombie (Crypt:2)
  22 mummy priests
  5 merfolk javelineers (Shoals:4)
  10 yaktaur captains
  15 iron golems
  9 deep elf high priests
  3 entropy weavers (WizLab)
  4 great orbs of eyes
  Josephine (Orc:1)
  8 merfolk impalers
  An entropy weaver (shapeshifter) (Elf:3)
  7 ice dragons
  Fannar (Orc:1)
  7 spectral spriggans
  A peacekeeper (Vaults:2)
  3 fire dragons
  30 vault guards
  9 rakshasas
  10 caustic shrike simulacra
  3 boulder beetles
  A spectral stone giant (Tar:2)
  6 hell beasts
  9 juggernaut simulacra
  8 salamander tyrants (Geh:7)
  3 jorogumos (Pan)
  6 ironbound frosthearts
  8 anacondas
  7 spriggan air magi
  2 hydras
  3 merfolk avatars
  A catoblepas (Lair:3)
  2 centaur warriors
  9 dancing weapons
  2 stokers
  56 death scarabs
  2 satyrs
  A spectral dire elephant (Tar:6)
  5 demonic crawlers
  An alligator snapping turtle (Shoals:4)
  4 death knights
  6 death yaks
  2 merfolk aquamancers
  2 two-headed ogres
  14 naga warriors
  10 tengu warriors
  9 vampire magi
  A titan zombie (Crypt:3)
  31 hell hogs
  4 spriggan berserkers
  2 occultists (D:15)
  15 hell knights
  50 sun demons
  18 naga sharpshooters
  4 orc high priests
  5 shock serpents
  5 crystal echidnas
  9 deep elf knights
  3 hellephant skeletons (Pan)
  18 sixfirhies
  19 soul eaters
  A titan skeleton (Crypt:3)
  A salamander mystic (Snake:4)
  7 skysharks
  A bunyip zombie (Tomb:2)
  37 skeletal warriors
  4 iron trolls (Depths:2)
  2 death drakes (WizLab)
  2 spectral anacondas
  2 sun moths (Pan)
  16 sea snakes
  2 arcanists
  6 deep elf archers
  14 shadow wraiths
  2 anaconda zombies (Hell)
  A mana viper (shapeshifter) (WizLab)
  A cherub (Slime:5)
  11 deep trolls
  5 quicksilver dragon simulacra
  A lindwurm (shapeshifter) (D:14)
  14 shadow demons
  5 flayed ghosts
  5 naga ritualists
  A golden dragon zombie (Crypt:2)
  19 mana vipers
  10 spriggan simulacra
  2 obsidian statues (WizLab)
  4 anaconda skeletons
  An orange crystal statue (Depths:1)
  14 glowing orange brains
  14 ironbound convokers
  A bunyip skeleton (Crypt:1)
  6 necromancers
  14 harpies
  6 phantasmal warriors
  21 deep elf pyromancers
  3 starcursed masses (Abyss:2)
  19 deep elf zephyrmancers
  2 alligator zombies
  2 lindwurms
  11 orc knights
  A spectral ettin (Tar:2)
  2 orc sorcerers
  24 ugly things
  A shadow dragon skeleton (Tomb:2)
  2 wolf spiders (Pan)
  7 cyclopes
  18 fauns
  9 salamanders
  22 elephants
  A spectral centaur (Tar:2)
  12 shining eyes
  2 worldbinders
  4 Executioner simulacra (Pan)
  17 manticores
  5 rust devils
  3 meliai (D:13)
  8 merfolk sirens
  A naga zombie (Crypt:2)
  3 kobold blastminers
  A stone giant skeleton (Crypt:3)
  7 ice statues
  12 naga magi
  A meliai (shapeshifter) (Abyss:2)
  12 vault sentinels
  11 molten gargoyles
  11 guardian serpents
  13 moths of wrath
  30 black mambas
  4 water nymphs
  3 centaur zombies
  A cane toad (shapeshifter) (Elf:1)
  6 gargoyles
  13 orange demons
  2 naga skeletons
  5 titan simulacra
  31 smoke demons
  2 centaur skeletons (Crypt:3)
  27 cane toads
  2 eyes of devastation
  15 hellions
  4 bunyip simulacra
  4 rime drakes
  3 unseen horrors
  2 dire elephant skeletons
  A mana viper skeleton (Crypt:2)
  9 komodo dragons
  15 large abominations
  A catoblepas zombie (Crypt:1)
  30 yaktaurs
  25 tormentors
  45 guardian mummies
  3 efreet
  A red draconian skeleton (Crypt:2)
  5 tengu conjurers
  13 freezing wraiths
  5 anaconda simulacra
  3 iron giant simulacra
  An iron troll zombie (Crypt:2)
  A golden dragon simulacrum (Coc:7)
  3 spectral nagas
  An ancient zyme (Abyss:2)
  A silent spectre (Tar:4)
  3 spectral harpies
  4 hydra zombies
  20 ice devils
  A catoblepas skeleton (Crypt:2)
  6 red devils
  22 hellwings
  22 merfolk
  7 polar bears
  A burning bush (Lair:2)
  A merfolk (shapeshifter) (Vaults:5)
  4 harpy zombies
  2 raiju (Abyss:2)
  A satyr zombie (Crypt:1)
  5 wind drakes
  5 hornets
  10 trolls
  A shadow dragon simulacrum (Coc:1)
  A tyrant leech (Lair:5)
  A tarantella (shapeshifter) (Elf:2)
  8 glass eyes
  4 spriggan zombies
  A snapping turtle (shapeshifter) (Vaults:3)
  4 iron dragon simulacra
  10 dream sheep
  31 blink frogs
  6 snapping turtles
  A raiju (shapeshifter) (D:14)
  100 slime creatures
  4 stone giant simulacra
  A culicivora (shapeshifter) (Depths:4)
  5 vampires (Crypt:3)
  18 ynoxinuls
  2 jumping spiders (WizLab)
  5 shadows
  7 dire elephant simulacra
  4 spriggans
  3 air elementals
  An ettin skeleton (Crypt:3)
  A centaur simulacrum (Coc:2)
  4 fire dragon skeletons (D:15)
  2 wyverns
  16 water elementals
  5 fire elementals
  64 yaks
  A basilisk (Lair:2)
  14 golden eyes
  13 ushabtiu
  14 wraiths
  3 redbacks (WizLab)
  5 vampire mosquitoes (Lair:5)
  An alligator snapping turtle simulacrum (Coc:1)
  20 neqoxecs
  A sea snake simulacrum (Hell)
  Grum (D:11)
  6 wargs
  8 chaos spawn
  2 acid dragons
  Edmund (D:6)
  29 small abominations
  18 harpy simulacra
  A naga (shapeshifter) (D:14)
  36 nagas
  13 hell hounds
  4 hydra simulacra
  8 water moccasins
  46 orc warriors
  2 sky beasts
  4 ice beasts
  A black mamba simulacrum (Coc:1)
  2 ogres
  11 black bears
  3 ettin simulacra
  15 laughing skulls
  3 boggarts
  20 centaurs
  20 wolves
  2 phantoms
  A kobold brigand (D:9)
  6 weeping skulls (Abyss:4)
  Blork the orc (D:6)
  3 earth elementals
  15 bullfrogs
  A gnoll sergeant (D:7)
  4 scorpions
  2 naga simulacra
  3 wights (D:9)
  13 killer bees
  A swamp dragon simulacrum (Coc:1)
  7 howler monkeys
  3 electric eels (Lair:5)
  A bombardier beetle (D:6)
  4 hounds (D:5)
  12 orc priests
  A sleepcap (D:4)
  2 iguanas
  8 orc wizards
  35 mummies
  6 adders
  A shadow imp (Tar:7)
  2 white imps
  An ufetubus (Abyss:2)
  4 dart slugs
  2 ribbon worms
  67 orcs
  3 bats
  6 endoplasms
  3 giant cockroaches
  5 goblins
  6 hobgoblins
  12 jackals
  3 quokkas
  7 ball pythons
  A bombardier beetle zombie (Crypt:1)
  5 frilled lizards
  10 kobolds
  A kobold skeleton (Crypt:1)
  A quokka zombie (Crypt:1)
  6 rats
  8 aspiring fleshes
  11 ball lightnings (Pan)
  2 butterflies (Lair:3)
  2 creeping infernos
  A lurking horror (Abyss:2)
  3 starspawn tentacles (WizLab)
3395 creatures vanquished.

Vanquished Creatures (collateral kills)
  A caustic shrike (Dis:7)
  A golden dragon (Zot:5)
  2 Ice Fiends
  A tentacled monstrosity (Vaults:5)
  A tainted leviathan (Tar:7)
  A storm dragon (Zot:4)
  A fire giant (Vaults:5)
  A vault warden (Vaults:5)
  A shard shrike simulacrum (Coc:5)
  A draconian scorcher (Zot:4)
  A vault guard (Vaults:5)
  An alligator snapping turtle (Shoals:4)
  An occultist (D:15)
  A spectral dire elephant (Tar:2)
  2 hell knights (D:15)
  A spectral bunyip (Tar:2)
  A spectral ettin (Tar:4)
  A manticore (Shoals:4)
  A spectral harpy (Tar:5)
  A slime creature (Slime:4)
  2 ynoxinuls (Pan)
  An orc warrior (Orc:1)
  A mummy (Tomb:2)
  An aspiring flesh (Zot:5)
  2 boulders (D:9)
29 creatures vanquished.

Vanquished Creatures (others)
  A lich (Tomb:3)
  6 eldritch tentacles
  A draconian knight (Depths:4)
  A very ugly thing (Pan)
  A lorocyproca (Tomb:2)
  A caustic shrike simulacrum (Coc:6)
  A stoker (Geh:5)
  A death scarab (Tomb:2)
  A deep elf pyromancer (D:15)
  A ynoxinul (Pan)
  A chaos spawn (Pan)
  An orc wizard (D:6)
  5 ball lightnings (Pan)
  A boulder (D:5)
  402 fire vortices
  A starspawn tentacle (WizLab)
426 creatures vanquished.

Grand Total: 3850 creatures vanquished

Notes
Turn   | Place    | Note
-------+----------+-------------------------------------------
     0 | D:1      | Wizard1ke the Djinni Earth Elementalist began the quest for
                  | the Orb.
     0 | D:1      | Wizard1ke set off with the following spells memorised:
                  | Sandblast, Passwall, Stone Arrow, Petrify, Brom's
                  | Barrelling Boulder.
     0 | D:1      | Reached XP level 1. HP: 15/15 MP: 0/0
    81 | D:1      | Reached XP level 2. HP: 11/21 MP: 0/0
   468 | D:1      | Reached XP level 3. HP: 25/25 MP: 0/0
   468 | D:1      | Learned a level 1 spell: Sting
   506 | D:2      | Found a faded altar of an unknown god.
   992 | D:3      | Reached XP level 4. HP: 29/31 MP: 0/0
  1361 | D:4      | Found Ydinunag's Magic Scroll Shoppe.
  1371 | D:4      | Reached XP level 5. HP: 31/35 MP: 0/0
  1371 | D:4      | Learned a level 2 spell: Scorch
  1394 | D:4      | Bought a scroll of blinking for 90 gold pieces
  1394 | D:4      | Bought a scroll of identify for 24 gold pieces
  1394 | D:4      | Bought a scroll of butterflies for 48 gold pieces
  1512 | D:4      | Reached skill level 5 in Spellcasting
  1512 | D:4      | Reached skill level 5 in Conjurations
  1512 | D:4      | Reached skill level 5 in Hexes
  1512 | D:4      | Reached skill level 5 in Summonings
  1512 | D:4      | Reached skill level 5 in Necromancy
  1512 | D:4      | Reached skill level 5 in Translocations
  1512 | D:4      | Reached skill level 5 in Fire Magic
  1512 | D:4      | Reached skill level 5 in Ice Magic
  1512 | D:4      | Reached skill level 5 in Air Magic
  1512 | D:4      | Reached skill level 5 in Earth Magic
  1512 | D:4      | Reached skill level 5 in Alchemy
  1543 | D:4      | Found an opulent altar of Gozag.
  1609 | D:5      | Entered Level 5 of the Dungeon
  1642 | D:5      | Reached XP level 6. HP: 23/40 MP: 0/0
  1695 | D:5      | Found an ornate altar of the Wu Jian Council.
  1700 | D:5      | Noticed an ogre
  1721 | D:5      | Reached XP level 7. HP: 15/45 MP: 0/0
  1721 | D:5      | Learned a level 3 spell: Volatile Blastmotes
  1753 | D:5      | Found a transporter.
  1826 | D:5      | Found Xummeim's Magic Scroll Shoppe.
  1830 | D:5      | Bought a scroll of teleportation for 36 gold pieces
  1862 | D:5      | Found a transporter.
  1946 | D:6      | Noticed a yak
  2040 | D:6      | Noticed a water moccasin
  2044 | D:6      | Killed a water moccasin
  2045 | D:6      | Reached XP level 8. HP: 39/50 MP: 0/0
  2106 | D:6      | Found a staircase to the Ecumenical Temple.
  2112 | D:6      | Noticed a yak
  2114 | D:6      | Noticed a yak
  2114 | D:6      | Noticed a yak
  2118 | D:6      | Noticed a yak
  2120 | Temple   | Entered the Ecumenical Temple
  2136 | Temple   | Became a worshipper of Makhleb the Destroyer
  2153 | D:6      | Noticed Edmund
  2179 | D:6      | Killed a yak
  2185 | D:6      | Killed Edmund
  2289 | D:6      | Noticed Blork the orc
  2316 | D:6      | Killed Blork the orc
  2317 | D:6      | Reached XP level 9. HP: 30/55 MP: 0/0
  2317 | D:6      | Learned a level 4 spell: Cause Fear
  2355 | D:6      | Found a sacrificial altar of Ru.
  2673 | D:7      | Found a blossoming altar of Fedhas.
  2675 | D:7      | Found a sparkling altar of Nemelex Xobeh.
  2839 | D:8      | Noticed a hornet
  2844 | D:8      | Found a glowing golden altar of the Shining One.
  2878 | D:8      | Reached skill level 10 in Spellcasting
  2878 | D:8      | Reached skill level 10 in Conjurations
  2878 | D:8      | Reached skill level 10 in Hexes
  2878 | D:8      | Reached skill level 10 in Summonings
  2878 | D:8      | Reached skill level 10 in Necromancy
  2878 | D:8      | Reached skill level 10 in Translocations
  2878 | D:8      | Reached skill level 10 in Fire Magic
  2878 | D:8      | Reached skill level 10 in Ice Magic
  2878 | D:8      | Reached skill level 10 in Air Magic
  2878 | D:8      | Reached skill level 10 in Earth Magic
  2878 | D:8      | Reached skill level 10 in Alchemy
  2891 | D:8      | Reached * piety under Makhleb
  2897 | D:8      | Reached XP level 10. HP: 16/60 MP: 0/0
  3182 | D:7      | Reached skill level 1 in Shields
  3190 | D:7      | Noticed a cyclops
  3282 | D:8      | Found a staircase to the Lair.
  3322 | D:8      | Found a shimmering altar of Xom.
  3568 | D:9      | Noticed a boulder beetle
  3687 | D:9      | Found a runed translucent gate.
  3687 | D:9      | Found a runed translucent gate.
  3687 | D:9      | Found a runed translucent gate.
  3690 | D:9      | Noticed kimidori's ghost (novice HuWn)
  3725 | D:10     | Entered Level 10 of the Dungeon
  3824 | D:10     | Killed an unseen horror
  3825 | D:10     | Reached skill level 5 in Shields
  3853 | D:10     | Noticed a gargoyle
  3861 | D:10     | Killed a gargoyle
  3861 | D:10     | Reached ** piety under Makhleb
  3866 | D:10     | Reached XP level 11. HP: 36/65 MP: 0/0
  3866 | D:10     | Learned a level 5 spell: Irradiate
  3887 | D:10     | Noticed a two-headed ogre
  3896 | D:10     | Killed a two-headed ogre
  4459 | D:9      | Killed a boulder beetle
  4654 | D:11     | Noticed a cyan ugly thing
  4658 | D:11     | Killed a cyan ugly thing
  4737 | D:11     | Found a staircase to the Orcish Mines.
  4750 | D:11     | Reached *** piety under Makhleb
  4805 | D:11     | Noticed a manticore
  4817 | D:11     | Killed a manticore
  4842 | D:11     | Reached XP level 12. HP: 46/70 MP: 0/0
  4876 | D:11     | Reached skill level 1 in Fighting
  4885 | D:11     | Found a transporter.
  4910 | D:11     | Found a transporter.
  4920 | D:11     | Noticed cpf86's ghost (journeyman DjFE)
  4962 | D:11     | Noticed Grum
  4965 | D:11     | Identified the +1 short sword of Mandamus {freeze, rPois}
  4971 | D:11     | Killed Grum
  5078 | Lair:1   | Entered Level 1 of the Lair of Beasts
  5189 | Lair:2   | Reached skill level 10 in Shields
  5264 | Lair:2   | Reached **** piety under Makhleb
  5302 | Lair:2   | Reached skill level 5 in Fighting
  5434 | Lair:2   | Reached XP level 13. HP: 81/87 MP: 0/0
  5434 | Lair:2   | Learned a level 5 spell: Fireball
  5495 | Lair:2   | Found a shadowy altar of Dithmenos.
  5586 | Lair:2   | Reached ***** piety under Makhleb
  5614 | Lair:3   | Noticed a catoblepas
  5623 | Lair:3   | Killed a catoblepas
  6156 | Lair:3   | Found a staircase to the Snake Pit.
  6165 | Lair:3   | Reached skill level 10 in Fighting
  6167 | Lair:3   | Reached XP level 14. HP: 93/103 MP: 0/0
  6289 | Lair:3   | Found a staircase to the Shoals.
  6360 | Lair:4   | Found a transporter.
  6360 | Lair:4   | Found a transporter.
  6377 | Lair:4   | Reached skill level 15 in Spellcasting
  6377 | Lair:4   | Reached skill level 15 in Conjurations
  6377 | Lair:4   | Reached skill level 15 in Hexes
  6377 | Lair:4   | Reached skill level 15 in Summonings
  6377 | Lair:4   | Reached skill level 15 in Necromancy
  6377 | Lair:4   | Reached skill level 15 in Translocations
  6377 | Lair:4   | Reached skill level 15 in Fire Magic
  6377 | Lair:4   | Reached skill level 15 in Ice Magic
  6377 | Lair:4   | Reached skill level 15 in Air Magic
  6377 | Lair:4   | Reached skill level 15 in Earth Magic
  6377 | Lair:4   | Reached skill level 15 in Alchemy
  6430 | Lair:5   | Entered Level 5 of the Lair of Beasts
  6634 | Lair:5   | Reached ****** piety under Makhleb
  6749 | Lair:5   | Reached XP level 15. HP: 103/111 MP: 0/0
  6749 | Lair:5   | Learned a level 6 spell: Dispersal
  6782 | Lair:5   | Got an earthy gem with 2042 turns to spare
  6785 | Lair:5   | Identified the +0 robe "Pocw" {+Blink rPois Str-4 Dex-2}
  6855 | Snake:1  | Entered Level 1 of the Snake Pit
  7129 | Snake:2  | Noticed Azrael
  7129 | Snake:2  | Noticed Roxanne
  7132 | Snake:2  | Noticed Vashnia
  7132 | Snake:2  | Noticed Nikola
  7372 | Snake:2  | Noticed a nagaraja
  7453 | Snake:2  | Killed a nagaraja
  7464 | Snake:2  | Killed Nikola
  7465 | Snake:2  | Killed Azrael
  7539 | Snake:2  | Killed Vashnia
  7562 | Snake:2  | Reached XP level 16. HP: 96/120 MP: 0/0
  7777 | Snake:3  | Found Meafy's Distillery.
  7793 | Snake:3  | Bought a potion of mutation for 104 gold pieces
  7793 | Snake:3  | Bought a potion of enlightenment for 65 gold pieces
  7859 | Snake:4  | Entered Level 4 of the Snake Pit
  8070 | Snake:4  | Found a one-way gate to the infinite horrors of the Abyss.
  8070 | Snake:4  | Noticed a tentacled starspawn
  8071 | Snake:4  | Noticed Taxman1966's ghost (adept MiFi)
  8075 | Snake:4  | Found a transporter.
  8083 | Snake:4  | Found a transporter.
  8188 | Snake:4  | Reached XP level 17. HP: 126/129 MP: 0/0
  8188 | Snake:4  | Learned a level 7 spell: Malign Gateway
  8283 | Snake:4  | Got a serpentine rune of Zot
  8286 | Snake:4  | Got a jade gem with 956 turns to spare
  8467 | Shoals:1 | Entered Level 1 of the Shoals
  8556 | Shoals:1 | Reached skill level 15 in Fighting
  8556 | Shoals:1 | Reached skill level 15 in Shields
  8582 | Shoals:1 | Found Qoshios's Antique Weapon Emporium.
  8724 | Shoals:4 | Entered Level 4 of the Shoals
  8824 | Shoals:4 | Reached XP level 18. HP: 135/138 MP: 0/0
  8950 | Shoals:4 | Got an azure gem with 1320 turns to spare
  8952 | Shoals:4 | Got a barnacled rune of Zot
  9096 | Shoals:4 | Identified the +4 shortbow "Lacertilianbane" {freeze,
                  | ^Fragile rElec Int+6}
  9221 | Shoals:4 | Found a flickering gateway to a bazaar.
  9229 | Bazaar   | Entered a bazaar
  9276 | Bazaar   | Found Ulowk's Armour Shop.
  9284 | Bazaar   | Bought a +2 cloak for 148 gold pieces
  9296 | Bazaar   | Found Bobehutz's Distillery.
  9304 | Bazaar   | Bought a potion of mutation for 56 gold pieces
  9304 | Bazaar   | Bought 2 potions of haste for 140 gold pieces
  9304 | Bazaar   | Bought 2 potions of haste for 140 gold pieces
  9304 | Bazaar   | Bought a potion of invisibility for 56 gold pieces
  9314 | Bazaar   | Found Jaifieme's Magic Scroll Shoppe.
  9322 | Bazaar   | Bought 3 scrolls of revelation for 225 gold pieces
  9322 | Bazaar   | Bought a scroll of butterflies for 40 gold pieces
  9357 | Bazaar   | Found Ysas's Assorted Antiques.
  9475 | Shoals:2 | Noticed Frances
  9483 | Shoals:2 | Killed Frances
  9654 | Shoals:1 | Identified the +9 war axe of Cheibriados, Mauling {flame,
                  | Will+ Str+6}
  9828 | D:9      | Noticed Gastronok
  9873 | D:9      | Killed Gastronok
  9922 | Orc:1    | Entered Level 1 of the Orcish Mines
  9922 | Orc:1    | Noticed Fannar
  9926 | Orc:1    | Killed Fannar
  9975 | Orc:2    | Entered Level 2 of the Orcish Mines
 10180 | Orc:2    | Found a staircase to the Elven Halls.
 10220 | Orc:2    | Found Kilut's Weapon Emporium.
 10220 | Orc:2    | Found Seumn's Antique Weapon Shop.
 10220 | Orc:2    | Found Noideh's Armour Boutique.
 10223 | Orc:2    | Reached XP level 19. HP: 143/143 MP: 0/0
 10223 | Orc:2    | Learned a level 6 spell: Starburst
 10227 | Orc:2    | Found Baveosch's Assorted Antiques.
 10237 | Orc:2    | Bought a scroll of immolation for 112 gold pieces
 10312 | Orc:1    | Noticed Jorgrun
 10322 | Orc:1    | Killed Jorgrun
 10448 | Orc:1    | Noticed Josephine
 10450 | Orc:1    | Killed Josephine
 10504 | Elf:1    | Entered Level 1 of the Elven Halls
 10682 | Elf:1    | Paralysed by an orc sorcerer for 5 turns
 10775 | Elf:1    | Found Saggung's Jewellery Emporium.
 10777 | Elf:1    | Found Keakhlil's Book Boutique.
 10777 | Elf:1    | Found Amooter's Book Boutique.
 10785 | Elf:1    | Bought a ring of protection from cold for 250 gold pieces
 10881 | Elf:1    | Found Butun's Antique Armour Shop.
 10892 | Elf:1    | Bought an embroidered cloak for 172 gold pieces
 10892 | Elf:1    | Bought a runed cloak for 172 gold pieces
 11067 | Elf:2    | Paralysed by an air elemental for 1 turns
 11109 | Elf:2    | Found a magical portal.
 11123 | WizLab   | Entered The Roulette of Golubria
 11123 | WizLab   | Found a transporter.
 11126 | WizLab   | Found a corrupted altar of Lugonu.
 11159 | WizLab   | Found a transporter.
 11166 | WizLab   | Found a transporter.
 11193 | WizLab   | Found a transporter.
 11193 | WizLab   | Found a transporter.
 11201 | WizLab   | Found a transporter.
 11201 | WizLab   | Found a transporter.
 11210 | WizLab   | Noticed a profane servitor
 11210 | WizLab   | Found a transporter.
 11210 | WizLab   | Found a transporter.
 11215 | WizLab   | HP: 7/143 [profane servitor/+1 demon whip of pain (4)]
 11218 | WizLab   | Killed a profane servitor
 11224 | WizLab   | Gained mutation: Your health recovers twice as slowly from
                  | being drained. [mutagenic glow]
 11429 | WizLab   | Found a transporter.
 11429 | WizLab   | Found a transporter.
 11487 | WizLab   | Found a transporter.
 11487 | WizLab   | Found a transporter.
 11490 | WizLab   | Paralysed by an air elemental for 1 turns
 11510 | WizLab   | Found a transporter.
 11510 | WizLab   | Found a transporter.
 11553 | WizLab   | Reached XP level 20. HP: 108/149 MP: 0/0
 11563 | WizLab   | Gained mutation: You are frail. (-10% HP) [mutagenic glow]
 11564 | WizLab   | Lost mutation: Your health recovers twice as slowly from
                  | being drained. [potion of mutation]
 11564 | WizLab   | Lost mutation: You are frail. (-10% HP) [potion of
                  | mutation]
 11564 | WizLab   | Gained mutation: Your body sometimes deteriorates upon
                  | taking damage. [potion of mutation]
 11613 | WizLab   | Identified the +2 cloak of Tomorrow {Will+}
 11659 | Elf:3    | Entered Level 3 of the Elven Halls
 12011 | Elf:3    | Identified the staff of Ignis's Hatred {+Blink rPois rF+
                  | Str+5 Dex-4 Fire}
 12080 | Elf:3    | Got a shimmering gem with 750 turns to spare
 12123 | Elf:3    | Identified the +1 leather armour of Yfudaeno {Harm Fly rN++
                  | SInv}
 12184 | Elf:3    | Identified the +1 long sword "Ymo Roar" {venom, Int+5}
 13059 | D:13     | Found Quidid's Demolitions Depot.
 13078 | D:13     | Bought a condenser vane for 560 gold pieces
 13078 | D:13     | Bought a phial of floods for 560 gold pieces
 13264 | D:14     | Reached skill level 1 in Evocations
 13504 | D:14     | Found a gate to the Vaults.
 13508 | Vaults:1 | Entered Level 1 of the Vaults
 13550 | Vaults:1 | You are sucked into a shaft and drop 1 floor!
 13592 | Vaults:2 | Identified the +2 falchion of the Pits of Slime {drain,
                  | *Corrode rElec Str-2 SInv}
 13630 | Vaults:2 | Found a portal to a secret trove of treasure.
 13648 | Trove    | Entered a treasure trove
 13656 | Trove    | Identified the +0 cloak "Qaserug" {rElec rCorr Dex-5
                  | Slay-2}
 13658 | Trove    | Identified the +0 cloak of the Saviour {MP+9}
 13660 | Trove    | Identified the +0 plate armour "Peommah" {Harm rPois Str-2
                  | Int-3}
 13664 | Trove    | Identified the +3 helmet of Yggetem {Fly rElec Int-5}
 13668 | Trove    | Found the +3 warlock's mirror {omnireflect}
 13670 | Trove    | Identified the scarf "Ockiazer" {harm, Str+4}
 13694 | Trove    | Identified the +4 scale mail of Theory {rPois rN+ Int+2
                  | SInv}
 13791 | Vaults:3 | Found Uschops's Jewellery Shoppe.
 13901 | Vaults:4 | Reached XP level 21. HP: 105/155 MP: 0/0
 13901 | Vaults:4 | Learned a level 7 spell: Haunt
 14124 | Vaults:5 | Entered Level 5 of the Vaults
 14261 | Vaults:5 | Got a silver rune of Zot
 14263 | Vaults:5 | Got a shining gem with 3075 turns to spare
 14264 | Vaults:5 | Identified the +1 pair of gloves "Haotsauw" {Dex+2}
 14280 | Vaults:5 | Identified the +2 pair of boots "Kimaluf" {^Contam Harm rN+
                  | Stlth+}
 14290 | Vaults:5 | Identified the +10 dagger "Kerinwan" {heavy, rPois rN+
                  | MP-9}
 14372 | Vaults:5 | Identified the +5 flail "Duaha" {freeze, rPois Int-3
                  | Stlth+}
 14397 | Vaults:5 | Reached skill level 5 in Evocations
 14455 | Vaults:5 | Identified the +0 robe of Wisatwuaf {Harm rElec rC+}
 14495 | Vaults:5 | Identified the +2 pair of gloves of Sloth {^Drain rC+
                  | Int+2}
 14729 | Vaults:5 | Reached XP level 22. HP: 153/164 MP: 0/0
 14792 | Vaults:5 | Identified the +2 dagger of the Nexus {flame, rC++ rCorr
                  | Dex+3 SInv}
 15058 | Vaults:3 | Identified the +7 ring mail of the Amoeba {*Slow rC++ rN+}
 15416 | Vaults:3 | Found Dikamm's Assorted Antiques.
 15425 | Vaults:3 | Bought a potion of enlightenment for 175 gold pieces
 15581 | Vaults:3 | Found a staircase to the Crypt.
 15708 | D:15     | Entered Level 15 of the Dungeon
 15744 | D:15     | Found a gate leading to a gauntlet.
 15757 | D:15     | Noticed Agnes
 15762 | D:15     | Killed Agnes
 15778 | Gauntlet | Entered a Gauntlet
 15778 | Gauntlet | Found a transporter.
 15778 | Gauntlet | Found a transporter.
 15780 | Gauntlet | Found a transporter.
 15782 | Gauntlet | Found a transporter.
 15793 | Gauntlet | Found a transporter.
 15804 | Gauntlet | Found a transporter.
 15812 | Gauntlet | Found a transporter.
 15818 | Gauntlet | Found a transporter.
 15835 | Gauntlet | Found a transporter.
 15843 | Gauntlet | Found a transporter.
 15860 | Gauntlet | Found a transporter.
 15876 | Gauntlet | Found a transporter.
 15887 | Gauntlet | Identified the +0 hat of Jaineupn {rN+ Str+3 Slay+2 Stlth+}
 15943 | Gauntlet | Identified the ring of Ytwumn {rPois rF- rN+ rCorr Str-3}
 15977 | Gauntlet | Identified the +3 steam dragon scales of the Pink Corner
                  | {^Drain rPois Str+4 Stlth+}
 16077 | D:15     | Found a staircase to the Depths.
 16086 | D:15     | Got a smoky gem with 2414 turns to spare
 16400 | Depths:1 | Entered Level 1 of the Depths
 16461 | Depths:1 | Found a gateway to Hell.
 16559 | Depths:1 | Reached XP level 23. HP: 129/173 MP: 0/0
 16559 | Depths:1 | Learned a level 8 spell: Lehudib's Crystal Spear
 16850 | Depths:2 | Found a runed translucent door.
 16908 | Depths:2 | Found a runed translucent door.
 16909 | Depths:2 | Noticed an ancient lich
 17410 | Elf:1    | Bought a talisman of death for 800 gold pieces
 17766 | Depths:2 | Found a one-way gate leading to the halls of Pandemonium.
 17774 | Pan      | Entered Pandemonium
 17854 | Pan      | Noticed Kougek the pandemonium lord
 17863 | Pan      | Killed Kougek the pandemonium lord
 17864 | Pan      | Reached skill level 1 in Shapeshifting
 17909 | Pan      | Entered the realm of Lom Lobon.
 18327 | Pan      | Noticed Lom Lobon
 18383 | Pan      | Got a magical rune of Zot
 18448 | Pan      | Entered the realm of Mnoleg.
 18458 | Pan      | Reached skill level 5 in Shapeshifting
 18458 | Pan      | Reached XP level 24. HP: 178/181 MP: 0/0
 18484 | Pan      | Gained mutation: You are weak. (Str -2) [a cacodemon]
 18485 | Pan      | Gained mutation: You are frail. (-10% HP) [a neqoxec]
 18599 | Pan      | Noticed Mnoleg
 18614 | Pan      | Killed Mnoleg
 18685 | Pan      | Lost mutation: Your body sometimes deteriorates upon taking
                  | damage. [potion of mutation]
 18685 | Pan      | Lost mutation: You are weak. (Str -2) [potion of mutation]
 18685 | Pan      | Gained mutation: You are agile. (Dex +4, Str/Int -1)
                  | [potion of mutation]
 18686 | Pan      | Lost mutation: You are frail. (-10% HP) [potion of
                  | mutation]
 18686 | Pan      | Lost mutation: You are agile. (Dex +4, Str/Int -1) [potion
                  | of mutation]
 18686 | Pan      | Gained mutation: Armour fits poorly on your strangely
                  | shaped body. [potion of mutation]
 18686 | Pan      | Gained mutation: You occasionally lose the ability to drink
                  | potions when taking damage. [potion of mutation]
 18686 | Pan      | Gained mutation: Your body sometimes deteriorates upon
                  | taking damage. [potion of mutation]
 18686 | Pan      | Gained mutation: You expend health (3 HP) to strengthen
                  | your wands. [potion of mutation]
 18722 | Pan      | Gained mutation: You are frail. (-10% HP) [a cacodemon]
 18723 | Pan      | Gained mutation: Your spells are a little easier to cast,
                  | but a little less powerful. [a neqoxec]
 18826 | Pan      | Got a glowing rune of Zot
 18914 | Pan      | Lost mutation: You occasionally lose the ability to drink
                  | potions when taking damage. [potion of mutation]
 18914 | Pan      | Lost mutation: Your body sometimes deteriorates upon taking
                  | damage. [potion of mutation]
 18914 | Pan      | Lost mutation: Armour fits poorly on your strangely shaped
                  | body. [potion of mutation]
 18914 | Pan      | Gained mutation: You are very vulnerable to cold. (rC--)
                  | [potion of mutation]
 18914 | Pan      | Gained mutation: You have sharp fingernails. [potion of
                  | mutation]
 18915 | Pan      | Lost mutation: You are very vulnerable to cold. (rC--)
                  | [potion of mutation]
 18915 | Pan      | Lost mutation: You are frail. (-10% HP) [potion of
                  | mutation]
 18915 | Pan      | Gained mutation: Your muscles are strong. (Str +4, Int/Dex
                  | -1) [potion of mutation]
 18915 | Pan      | Lost mutation: Your spells are a little easier to cast, but
                  | a little less powerful. [potion of mutation]
 18915 | Pan      | Gained mutation: Your mind is acute. (Int +4, Str/Dex -1)
                  | [potion of mutation]
 18994 | Pan      | Noticed Cueddem the pandemonium lord
 19013 | Depths:2 | Escaped Pandemonium
 19210 | Depths:2 | You are sucked into a shaft and drop 2 floors!
 19210 | Depths:4 | Entered Level 4 of the Depths
 19325 | Depths:4 | Reached skill level 10 in Shapeshifting
 19344 | Depths:4 | Noticed a golden dragon
 19347 | Depths:4 | Killed a golden dragon
 19416 | Depths:4 | Found a runed translucent gate.
 19416 | Depths:4 | Found a runed translucent gate.
 19417 | Depths:4 | Found a runed translucent gate.
 19418 | Depths:4 | Noticed Polaczum's ghost (adept TrMo)
 19502 | Depths:4 | Found a gate to the Realm of Zot.
 19507 | Depths:4 | Got a midnight gem with 1685 turns to spare
 19625 | Depths:1 | Found a runed translucent door.
 19703 | Depths:1 | Found a one-way gateway to a ziggurat.
 20009 | Crypt:1  | Entered Level 1 of the Crypt
 20184 | Crypt:1  | Reached XP level 25. HP: 186/187 MP: 0/0
 20184 | Crypt:1  | Learned a level 9 spell: Shatter
 20191 | Crypt:1  | Noticed Bai Suzhen
 20195 | Crypt:1  | Killed Bai Suzhen
 20285 | Crypt:1  | Identified the orb of Squeaky the Good {light, rPois Stlth+
                  | Fire}
 20285 | Crypt:1  | Noticed Frederick
 20290 | Crypt:1  | Killed Frederick
 20319 | Crypt:2  | Noticed Boris
 20322 | Crypt:2  | Killed Boris
 20385 | Crypt:2  | Reached skill level 27 in Translocations
 20414 | Crypt:2  | Identified a scroll of acquirement
 20430 | Crypt:2  | Acquired the ring of Koesarur {rN+ Int+6}
 20439 | Crypt:3  | Entered Level 3 of the Crypt
 20553 | Crypt:3  | Noticed an ancient lich
 20554 | Crypt:3  | Reached skill level 27 in Necromancy
 20555 | Crypt:3  | Killed an ancient lich
 20565 | Crypt:3  | Got an ivory gem with 1246 turns to spare
 20571 | Crypt:3  | Found the +7 great mace "Undeadhunter" {deathbane, rN+}
 20571 | Crypt:3  | Noticed a dread lich
 20572 | Crypt:3  | Killed a dread lich
 20691 | Crypt:3  | Identified the ring "Cuuma" {rN+ Will++ Str+2 Dex-2}
 20691 | Crypt:3  | Identified the ring "Sanou" {rN+ Dex+4 Slay+4}
 20691 | Crypt:3  | Identified the ring of the Grim Orange {rC+ rN+}
 20748 | Crypt:3  | Paralysed by a vampire knight for 4 turns
 20769 | Crypt:3  | Found a staircase to the Tomb.
 21111 | Hell     | Entered the Vestibule of Hell
 21111 | Hell     | Noticed Geryon
 21154 | Hell     | Reached XP level 26. HP: 122/193 MP: 0/0
 21154 | Hell     | Killed Geryon
 21218 | Hell     | Found a gateway to the ashen valley of Gehenna.
 21233 | Geh:1    | Entered Level 1 of Gehenna
 21452 | Geh:7    | Entered Level 7 of Gehenna
 21628 | Geh:7    | Found the +13 sceptre of Asmodeus
 21628 | Geh:7    | Noticed Asmodeus
 21651 | Geh:7    | Killed Asmodeus
 21673 | Geh:7    | Got an obsidian rune of Zot
 21788 | Hell     | Found a gateway to the Iron City of Dis.
 21797 | Dis:1    | Entered Level 1 of the Iron City of Dis
 21810 | Dis:1    | Reached skill level 15 in Shapeshifting
 21815 | Dis:1    | Reached XP level 27. HP: 159/199 MP: 0/0
 21815 | Dis:1    | Learned a level 9 spell: Fire Storm
 21929 | Dis:3    | You are sucked into a shaft and drop 1 floor!
 22065 | Dis:6    | Killed an ancient lich
 22105 | Dis:7    | Entered Level 7 of the Iron City of Dis
 22163 | Dis:7    | Killed an ancient lich
 22214 | Dis:7    | Noticed a juggernaut
 22216 | Dis:7    | Killed a juggernaut
 22238 | Dis:7    | Noticed the Serpent of Hell
 22319 | Dis:7    | Noticed a juggernaut
 22320 | Dis:7    | Killed a juggernaut
 22487 | Dis:7    | Identified the ring "Myfonih" {rF+ rC- rN+ rCorr Str+4}
 22487 | Dis:7    | Noticed Dispater
 22491 | Dis:7    | Killed the Serpent of Hell
 22500 | Dis:7    | Killed Dispater
 22555 | Dis:7    | Got an iron rune of Zot
 22689 | Hell     | Found a gateway to the freezing wastes of Cocytus.
 22706 | Coc:1    | Entered Level 1 of Cocytus
 22860 | Coc:5    | Noticed a shard shrike
 22860 | Coc:5    | Noticed a shard shrike
 22860 | Coc:5    | Noticed a shard shrike
 22860 | Coc:5    | Noticed a shard shrike
 22862 | Coc:5    | Killed a shard shrike
 22862 | Coc:5    | Killed a shard shrike
 22862 | Coc:5    | Noticed a shard shrike
 22862 | Coc:5    | Noticed a shard shrike
 22868 | Coc:5    | Killed a shard shrike
 22870 | Coc:5    | Killed a shard shrike
 22870 | Coc:5    | Killed a shard shrike
 22875 | Coc:5    | Killed a shard shrike
 22877 | Coc:5    | Noticed a shard shrike
 22878 | Coc:5    | Killed a shard shrike
 22940 | Coc:5    | Noticed a shard shrike
 22942 | Coc:5    | Killed a shard shrike
 22958 | Coc:6    | Noticed a shard shrike
 22958 | Coc:6    | Noticed a shard shrike
 22958 | Coc:6    | Noticed a shard shrike
 22958 | Coc:6    | Noticed a shard shrike
 22959 | Coc:6    | Killed a shard shrike
 22960 | Coc:6    | Killed a shard shrike
 22960 | Coc:6    | Killed a shard shrike
 22960 | Coc:6    | Killed a shard shrike
 22985 | Coc:7    | Entered Level 7 of Cocytus
 23020 | Coc:7    | Noticed a shard shrike
 23023 | Coc:7    | Killed a shard shrike
 23024 | Coc:7    | Noticed a shard shrike
 23025 | Coc:7    | Killed a shard shrike
 23025 | Coc:7    | Killed a shard shrike
 23122 | Coc:7    | Identified the ring of Wuywar {Fire +Blink Will+++ Str-5
                  | Dex-2}
 23275 | Coc:7    | Noticed Antaeus
 23286 | Coc:7    | Killed Antaeus
 23293 | Coc:7    | Got an icy rune of Zot
 23376 | Hell     | Found a gateway to the decaying netherworld of Tartarus.
 23385 | Tar:1    | Entered Level 1 of Tartarus
 23635 | Tar:4    | Reached skill level 27 in Spellcasting
 23635 | Tar:4    | Reached skill level 27 in Conjurations
 23635 | Tar:4    | Reached skill level 27 in Hexes
 23635 | Tar:4    | Reached skill level 27 in Summonings
 23635 | Tar:4    | Reached skill level 27 in Fire Magic
 23635 | Tar:4    | Reached skill level 27 in Ice Magic
 23635 | Tar:4    | Reached skill level 27 in Air Magic
 23635 | Tar:4    | Reached skill level 27 in Earth Magic
 23635 | Tar:4    | Reached skill level 27 in Alchemy
 23815 | Tar:7    | Entered Level 7 of Tartarus
 24004 | Tar:7    | Noticed Ereshkigal
 24010 | Tar:7    | Killed Ereshkigal
 24085 | Tar:7    | Got a bone rune of Zot
 24259 | Pan      | Entered Pandemonium
 24445 | Pan      | Noticed Xorgh the pandemonium lord
 24450 | Pan      | Killed Xorgh the pandemonium lord
 24598 | Pan      | Noticed Ezxeelal the pandemonium lord
 24604 | Pan      | Killed Ezxeelal the pandemonium lord
 24677 | Pan      | Entered the realm of Cerebov.
 24755 | Pan      | Identified the staff "Boane" {rC+ rCorr Conj}
 24757 | Pan      | Found the +6 sword of Cerebov {flame}
 24757 | Pan      | Noticed Cerebov
 24854 | Pan      | Killed Cerebov
 24874 | Pan      | Got a fiery rune of Zot
 25219 | Pan      | Noticed Lom Lobon
 25290 | Pan      | Noticed Haerphox the pandemonium lord
 25291 | Pan      | Killed Lom Lobon
 25294 | Pan      | Killed Haerphox the pandemonium lord
 25450 | Pan      | Entered the realm of Gloorx Vloq.
 25496 | Pan      | Noticed Gloorx Vloq
 25501 | Pan      | Killed Gloorx Vloq
 25513 | Pan      | Got a dark rune of Zot
 25663 | Pan      | Noticed Loxkeohu the pandemonium lord
 25665 | Pan      | Reached skill level 27 in Fighting
 25667 | Pan      | Killed Loxkeohu the pandemonium lord
 25689 | Pan      | Got a demonic rune of Zot
 25945 | Pan      | Found an exit through the horrors of the Abyss.
 25952 | Pan      | Took an exit into the Abyss.
 25952 | Abyss:1  | Escaped into the Abyss
 25952 | Abyss:1  | Found a corrupted altar of Lugonu.
 25972 | Abyss:1  | Found a corrupted altar of Lugonu.
 26104 | Abyss:4  | Found a corrupted altar of Lugonu.
 26145 | Abyss:4  | Got an abyssal rune of Zot
 26150 | Depths:2 | Escaped the Abyss
 26299 | Zot:1    | Entered Level 1 of the Realm of Zot
 26303 | Zot:1    | Noticed an orb of fire
 26316 | Zot:1    | Killed an orb of fire
 26440 | Zot:5    | Entered Level 5 of the Realm of Zot
 26485 | Zot:5    | Got a prismatic gem with 812 turns to spare
 26498 | Zot:5    | Noticed a dread lich
 26499 | Zot:5    | Killed a dread lich
 26504 | Zot:5    | Noticed an orb of fire
 26504 | Zot:5    | Noticed an orb of fire
 26507 | Zot:5    | Killed a Killer Klown
 26508 | Zot:5    | Killed an orb of fire
 26509 | Zot:5    | Killed an orb of fire
 26510 | Zot:5    | Noticed an ancient lich
 26512 | Zot:5    | Killed an ancient lich
 26520 | Zot:5    | Noticed a Killer Klown
 26523 | Zot:5    | Killed a Killer Klown
 26534 | Zot:5    | Noticed an orb of fire
 26539 | Zot:5    | Killed an orb of fire
 26540 | Zot:5    | Noticed a dread lich
 26543 | Zot:5    | Killed a dread lich
 26546 | Zot:5    | Got the Orb of Zot
 26568 | Zot:5    | Noticed an ancient lich
 26571 | Zot:5    | Killed an ancient lich
 26585 | Zot:5    | Noticed Gacaf the pandemonium lord
 26587 | Zot:5    | Killed Gacaf the pandemonium lord
 26751 | Depths:1 | Identified the staff of the Dead {rPois Will+ Alchemy}
 26793 | Depths:1 | Identified the staff "Uveju" {rElec rC+ Will- Dex+8 Ice
                  | Alchemy}
 26832 | Depths:1 | Noticed Boris
 26835 | Depths:1 | Noticed Seakim the pandemonium lord
 26835 | Depths:1 | Killed Boris
 26837 | Depths:1 | Killed Seakim the pandemonium lord
 27142 | Tomb:1   | Entered Level 1 of the Tomb of the Ancients
 27143 | Tomb:1   | Noticed a royal mummy
 27146 | Tomb:1   | Killed a royal mummy
 27146 | Tomb:1   | Noticed a royal mummy
 27150 | Tomb:1   | Killed a royal mummy
 27156 | Tomb:1   | Noticed a royal mummy
 27156 | Tomb:1   | Noticed a royal mummy
 27159 | Tomb:1   | Killed a royal mummy
 27159 | Tomb:1   | Killed a royal mummy
 27163 | Tomb:1   | Noticed a royal mummy
 27167 | Tomb:1   | Noticed a royal mummy
 27168 | Tomb:1   | Killed a royal mummy
 27171 | Tomb:1   | Killed a royal mummy
 27181 | Tomb:1   | Noticed Lijouloa the pandemonium lord
 27181 | Tomb:1   | Noticed a royal mummy
 27183 | Tomb:1   | Noticed a royal mummy
 27250 | Crypt:3  | Noticed Boris
 27255 | Crypt:3  | Killed Boris
 27271 | Tomb:1   | Noticed a royal mummy
 27274 | Tomb:1   | Killed a royal mummy
 27277 | Crypt:3  | Killed a royal mummy
 27328 | Tomb:1   | Killed a royal mummy
 27330 | Tomb:1   | Noticed a royal mummy
 27376 | Crypt:3  | Noticed Umei the pandemonium lord
 27378 | Crypt:3  | HP: 3/228 [Umei the pandemonium lord/bolt of cold (44)]
 27617 | D:12     | Noticed Zeatefesch the pandemonium lord
 27622 | D:12     | Killed Zeatefesch the pandemonium lord
 27871 | Lair:4   | Found a staircase to the Slime Pits.
 27880 | Slime:1  | Entered Level 1 of the Pits of Slime
 27998 | Slime:4  | Noticed Wiaf the pandemonium lord
 28002 | Slime:4  | Killed Wiaf the pandemonium lord
 28029 | Slime:5  | Entered Level 5 of the Pits of Slime
 28041 | Slime:5  | Noticed the Royal Jelly
 28044 | Slime:5  | Killed the Royal Jelly
 28106 | Slime:5  | Identified the +1 spear "Inaiv" {flame, Int+4}
 28107 | Slime:5  | Got a starry gem with 600 turns to spare
 28117 | Slime:5  | Got a slimy rune of Zot
 28789 | Crypt:3  | Killed Umei the pandemonium lord
 28820 | Tomb:1   | Killed a royal mummy
 28821 | Tomb:1   | Noticed a royal mummy
 28829 | Crypt:3  | Killed Lijouloa the pandemonium lord
 28844 | Tomb:1   | Killed a royal mummy
 28890 | Tomb:2   | Noticed a royal mummy
 28890 | Tomb:2   | Noticed a royal mummy
 28891 | Tomb:2   | Noticed a royal mummy
 28891 | Tomb:2   | Noticed a royal mummy
 28894 | Tomb:2   | Killed a royal mummy
 28894 | Tomb:2   | Killed a royal mummy
 28894 | Tomb:2   | Noticed a royal mummy
 28896 | Tomb:2   | Killed a royal mummy
 28898 | Tomb:2   | Killed a royal mummy
 28902 | Tomb:2   | Killed a royal mummy
 28918 | Tomb:2   | Noticed Boris
 28987 | Tomb:1   | Noticed Peeck the pandemonium lord
 28996 | Tomb:1   | Killed Peeck the pandemonium lord
 29012 | Tomb:1   | Noticed Syitoras the pandemonium lord
 29017 | Tomb:1   | Killed Syitoras the pandemonium lord
 29244 | Tomb:3   | Entered Level 3 of the Tomb of the Ancients
 29255 | Tomb:3   | Found the +7 Spriggan's Knife {stab, EV+4 Stlth+}
 29263 | Tomb:3   | Noticed a royal mummy
 29265 | Tomb:3   | Noticed a royal mummy
 29265 | Tomb:3   | Noticed a royal mummy
 29266 | Tomb:3   | Noticed a royal mummy
 29266 | Tomb:3   | Noticed a royal mummy
 29268 | Tomb:3   | Killed a royal mummy
 29268 | Tomb:3   | Killed a royal mummy
 29268 | Tomb:3   | Killed a royal mummy
 29269 | Tomb:3   | Killed a royal mummy
 29269 | Tomb:3   | Killed a royal mummy
 29270 | Tomb:3   | Reached skill level 27 in Dodging
 29272 | Tomb:3   | Noticed a royal mummy
 29276 | Tomb:3   | Killed a royal mummy
 29280 | Tomb:3   | Noticed a royal mummy
 29282 | Tomb:3   | Killed a royal mummy
 29285 | Tomb:3   | Noticed a royal mummy
 29289 | Tomb:3   | Killed a royal mummy
 29293 | Tomb:3   | Noticed Khufu
 29294 | Tomb:3   | Noticed Lotenn the pandemonium lord
 29301 | Tomb:3   | Killed Lotenn the pandemonium lord
 29303 | Tomb:3   | Killed Khufu
 29323 | Tomb:3   | Got a sanguine gem with 1800 turns to spare
 29369 | Tomb:3   | Got a golden rune of Zot
 29393 | Tomb:3   | Found the +3 hat of Pondering {ponderous, Will+ MP+10
                  | Int+5}
 29680 | D:12     | Noticed Yhesuad the pandemonium lord
 29687 | D:12     | Killed Yhesuad the pandemonium lord
 29745 | D:10     | Noticed Ytaublaa the pandemonium lord
 29748 | D:10     | Killed Ytaublaa the pandemonium lord
 29927 | D:$      | Escaped with the Orb!

Illustrated notes

Levels and vault maps discovered:
D:1:      minmay_arrival_checkered_box, layout_basic, minivault_26,
          nicolae_houndstooth_variations
D:2:      layout_basic, hellmonk_ecumenical_altar_leap_of_faith,
          chequers_mini_garden
D:3:      layout_loops_ring, hex_medium
D:4:      layout_cave_pools, kennysheep_mini_moat, serial_shops,
          nicolae_shop_tiny_waterfront
D:5:      gammafunk_steamed_eel, layout_basic, lemuel_tele_altar, serial_shops,
          shop
D:6:      layout_basic, lemuel_coloured_pillars_altar,
          minmay_temple_entry_mini_moons, uniq_blork_the_orc, uniq_edmund
D:7:      minmay_clustersquares, layout_basic,
          chequers_temple_overflow_statue_of_worship, hangedman_decor_riveting
D:8:      layout_basic, mainiacjoe_overflow_alcove_2,
          nicolae_overflow_crystal_walls, grunt_lair_entry_orc_guard_hut
D:9:      layout_cave_pools, gammafunk_ghost_necromancy, minmay_misc_feat_alley,
          uniq_gastronok
D:10:     layout_stronghold, kennysheep_mini,
          nicolae_concentric_dashed_squares_wild, hangedman_fish_farm
D:11:     layout_loops_cross, david_orc_3, gammafunk_ghost_hive, uniq_grum
D:12:     layout_stronghold
D:13:     layout_basic, nicolae_blasting_shop
D:14:     layout_roguey, david_vaults_2, kennysheep_nondescript
D:15:     regret_index_condemned_cage, layout_rooms, gauntlet_entry_generic,
          small_statue_alley_a, uniq_agnes
Temple:   nicolae_temple_bog_church
Lair:1:   layout_cave_pods
Lair:2:   layout_cave_shapes, basic_altar, evilmike_ambush
          [evilmike_ambush_outer_corners, evilmike_ambush_inner_basic]
Lair:3:   beast_lair_carwin_large_3, layout_hall_layers,
          minmay_shoals_entry_beasts, guppyfry_snake_entry_garden,
          lemuel_fruit_fields
Lair:4:   gammafunk_boulding_lane, layout_concentric_octagons, slime_entry_1
Lair:5:   minmay_lair_end_frog_pond, layout_regular_city, minmay_hedge_maze,
          lemuel_fruit_fields
Shoals:1: layout_shoals, serial_shops, shop, gammafunk_ghost_split
Shoals:2: layout_shoals, uniq_frances
Shoals:3: nicolae_shoals_aurelia_aurita, layout_shoals,
          nicolae_shoals_square_sea_wall
Shoals:4: shoals_end_hangedman, layout_shoals, serial_shops, bzr_entry_safe
Snake:1:  layout_cave_pods
Snake:2:  layout_misc_corridors, uniq_azrael, uniq_vashnia, uniq_nikola,
          uniq_roxanne
Snake:3:  layout_chambers, serial_shops, nicolae_shop_industrial_runoff
Snake:4:  grunt_snake_rune_pools, layout_onion, gammafunk_ghost_abyssal_escape,
          serial_shops, shop, nicolae_snake_boneroom
Slime:1:  cheibrodos_slime_lost_civilization_2, layout_caves
Slime:2:  layout_caves, nicolae_slime_round_cave
Slime:3:  layout_caves
Slime:4:  layout_caves, cheibrodos_slime_lost_civilization_6
Slime:5:  slime_pit
Orc:1:    layout_diamond_mine, uniq_josephine, uniq_fannar, uniq_jorgrun
Orc:2:    st_orc_rangers, layout_caves, basic_altar
Elf:1:    eino_elf_arrival_sip, layout_onion_city, serial_shops, shop,
          kennysheep_underground_church, minmay_shop_grove
Elf:2:    nicolae_elf_blades_splatter_lattice [grunt_blade_entry_basic],
          layout_loops_ring, mu_enter_wizlab_3
Elf:3:    minmay_elf_hall_spiked, layout_geoelf_castle, feat_on_display
Vaults:1: st_squares, v_misc_19, nicolae_vaults_tetromino_L_2,
          nicolae_vaults_ring_of_whatevers, vaults_room_grid,
          nicolae_vaults_trapezoid_lopsided_3, ontoclasm_vaults_ring_large,
          nicolae_vaults_little_squares_5, vaults_dpeg_hooks, minmay_orc_keep,
          nicolae_vaults_weapon_check, vaults_dpeg_ring, grunt_vaults_focal,
          layout_vaults_ring
Vaults:2: ontoclasm_vaults_shuriken, v_misc_14, nicolae_vaults_tetromino_Z_2,
          nicolae_vaults_door_testing_chamber, hangedman_vaults_nails,
          v_misc_29, v_misc_18, vaults_mumra_hexcomb, door_vault,
          vaults_dpeg_emergency_exit, nicolae_vaults_theta,
          nicolae_vaults_apartment_2, vaults_standard_mumra_enter_the_diamond,
          ontoclasm_vaults_claustrophobia, layout_vaults_omnicross,
          nicolae_trove_entry_isolated, serial_shops, bzr_firewalk
Vaults:3: nicolae_vaults_windows_and_doors_thing,
          nicolae_vaults_closet_pinwheel_5,
          nicolae_vaults_offset_grid_hallway_4,
          minmay_crypt_entry_nasty_monster, v_pattern_2, v_misc_2,
          vaults_dpeg_encased_lava, serial_library_hellmonk_open_cross,
          nicolae_vaults_little_squares_5, v_rooms_2,
          nicolae_vaults_storage_room_doors, vaults_room_hangedman_quadrants,
          vaults_mumra_lcd, layout_vaults_big_room, serial_shops,
          nicolae_shop_tiny_waterfront, nicolae_shop_window_shopping
Vaults:4: nicolae_vaults_shock_wave, nicolae_vaults_lightning_bolt,
          nicolae_vaults_heart-shaped_vault, nicolae_vaults_tetromino_Z_1,
          nicolae_vaults_cochlea, vaults_dpeg_diagonal, nicolae_vaults_house_1,
          layout_vaults_omnigrid
Vaults:5
Crypt:1:  layout_misc_corridors, grunt_crypt_arrival_split, grunt_megastairs_4,
          uniq_bai_suzhen, uniq_frederick
Crypt:2:  layout_basic, uniq_boris
Crypt:3:  quadcrypt_mu
Tomb:1
Tomb:2
Tomb:3
Depths:1: layout_gridlike, enter_ziggurat_d, pf_vacation_house_of_asmodeus,
          nicolae_titane, grunt_pan_entry_zigzag, minmay_crystal_box
Depths:2: cheibrodos_witchhunters_guild, layout_gridlike,
          rand_demon_pan_entry_9, abyss_entry, pf_hell_entry_tar_spiral,
          minmay_misc_feat_tower
Depths:3: kennysheep_oblong_rooms, layout_gridlike, abyss_entry, hellmouth_1,
          ploomutoo_gammafunk_ghost_potion_laboratory
Depths:4: grunt_zot_entry_pinwheel, layout_cave_shapes, grunt_mini_vestibule,
          pan_entry, abyss_entry, gammafunk_ghost_ooze, minmay_door_square,
          onia_ninara_cookie
Hell
Dis:1:    layout_regular_city, nicolae_dis_spooky_hallway
Dis:2:    layout_subdivisions
Dis:3:    layout_regular_city
Dis:4:    layout_subdivisions
Dis:5:    layout_overlapping_boxes
Dis:6:    layout_overlapping_boxes, nicolae_dis_emergency_hatch
Dis:7:    dis_st
Geh:1:    layout_gehenna_pools_box
Geh:2:    layout_gehenna_pools_basic, nicolae_geh_single_fiery_grave
Geh:3:    layout_gehenna_lava_caves
Geh:4:    nicolae_geh_gridlava [nicolae_sub_geh_gridintersect,
          nicolae_sub_geh_gridintersect, nicolae_sub_geh_gridintersect,
          nicolae_sub_geh_gridintersect], layout_gehenna_pools_box
Geh:5:    layout_gehenna_pools_triple, lemuel_old_faithful
Geh:6:    layout_gehenna_pools_box
Geh:7:    geh_hangedman
Coc:1:    layout_cocytus_delve
Coc:2:    layout_ice_bergs, serial_ice, serial_ice_h, serial_ice_n, serial_ice_e
Coc:3:    layout_ice_bergs
Coc:4:    layout_ice_bergs
Coc:5:    layout_cocytus_water_paths
Coc:6:    layout_ice_bergs
Coc:7:    coc_mu
Tar:1:    layout_cathedral_of_symmetry
Tar:2:    layout_grid_maze
Tar:3:    layout_cathedral_of_symmetry, nicolae_tar_honey_chapel
Tar:4:    layout_cathedral_of_symmetry
Tar:5:    layout_grid_maze
Tar:6:    layout_grid_maze
Tar:7:    tar_mu [tar_mu_maze]
Zot:1:    layout_basic, regret_index_zotdec_twisting_globes
Zot:2:    layout_onion
Zot:3:    kennysheep_spiral_hall, layout_gridlike
Zot:4:    layout_onion_interference, regret_index_zotdec_banners
Zot:5:    layout_cathedral_of_symmetry, basic_altar

Skill      XL: |  1  2  3  4  5  6  7  8  9 10 11 12 13 14 15 16 17 18 19 20 21 22 23 24 25 26 27 |
---------------+----------------------------------------------------------------------------------+-----
Spellcasting   | 4 5 6 7 8 10 11 12 13 14 15 16 18 19 21 22 23 24 25 26 27 | 27.0
Conjurations   | 4 5 6 7 8 10 11 12 13 14 15 16 18 19 21 22 23 24 25 26 27 | 27.0
Hexes          | 4 5 6 7 8 10 11 12 13 14 15 16 18 19 21 22 23 24 25 26 27 | 27.0
Summonings     | 4 5 6 7 8 10 11 12 13 14 15 16 18 19 21 22 23 24 25 26 27 | 27.0
Necromancy     | 4 5 6 7 8 10 11 12 13 14 15 16 18 19 21 22 23 24 25 27 | 27.0
Translocations | 4 5 6 7 8 10 11 12 13 14 15 16 18 19 21 23 24 25 26 27 | 27.0
Fire Magic     | 4 5 6 7 8 10 11 12 13 14 15 16 18 19 21 22 23 24 25 26 27 | 27.0
Ice Magic      | 4 5 6 7 8 10 11 12 13 14 15 16 18 19 21 22 23 24 25 26 27 | 27.0
Air Magic      | 4 5 6 7 8 10 11 12 13 14 15 16 18 19 21 22 23 24 25 26 27 | 27.0
Earth Magic    | 4 5 6 7 8 10 11 12 13 14 15 16 18 19 21 22 23 24 25 26 27 | 27.0
Alchemy        | 4 5 6 7 8 10 11 12 13 14 15 16 18 19 21 22 23 24 25 26 27 | 27.0
Shields        | 5 9 10 11 12 14 15 16 17 18 23 | 23.8
Fighting       | 6 10 11 12 14 15 16 17 18 27 | 27.0
Evocations     | 3 6 8 |  8.0
Shapeshifting  | 5 11 15 23 | 23.0
Dodging        | 27 | 27.0
Stealth        | |  1.5

Action                     |  1- 3 |  4- 6 |  7- 9 | 10-12 | 13-15 | 16-18 | 19-21 | 22-24 | 25-27 || total
---------------------------+-------+-------+-------+-------+-------+-------+-------+-------+-------++-------
  Melee: Unarmed           |     1 |       |       |       |       |       |       |       |       ||     1
         Staff             |       |       |     1 |     1 |       |     1 |     2 |     2 |    19 ||    26
  Throw: Throwing net      |       |       |       |       |       |       |       |       |     2 ||     2
   Cast: Sandblast         |    52 |    52 |     8 |       |       |       |       |       |       ||   112
         Stone Arrow       |       |    16 |    89 |   248 |    14 |    10 |    38 |       |       ||   415
         Brom's Barrelling |       |       |     1 |     2 |     1 |       |       |       |       ||     4
         Cause Fear        |       |       |     6 |     4 |       |     9 |     2 |       |       ||    21
         Passwall          |       |       |     2 |       |       |       |       |     2 |       ||     4
         Scorch            |       |       |     1 |     4 |       |       |       |       |       ||     5
         Irradiate         |       |       |       |    26 |    47 |    28 |    51 |    14 |    17 ||   183
         Fireball          |       |       |       |       |   340 |   512 |   482 |   288 |     1 ||  1623
         Volatile Blastmot |       |       |       |       |     1 |       |       |       |       ||     1
         Malign Gateway    |       |       |       |       |       |     1 |     2 |     2 |       ||     5
         Starburst         |       |       |       |       |       |       |    76 |   140 |       ||   216
         Haunt             |       |       |       |       |       |       |     5 |     2 |       ||     7
         Dispersal         |       |       |       |       |       |       |     1 |       |    19 ||    20
         Lehudib's Crystal |       |       |       |       |       |       |       |   215 |    95 ||   310
         Shatter           |       |       |       |       |       |       |       |       |  1003 ||  1003
         Fire Storm        |       |       |       |       |       |       |       |       |   553 ||   553
  Evoke: Wand              |       |       |     3 |     2 |     1 |       |       |    11 |    10 ||    27
    Use: Scroll            |       |     5 |     6 |     4 |     7 |     6 |    12 |    15 |    24 ||    79
         Potion            |       |       |     8 |     3 |     2 |     2 |     7 |     8 |    25 ||    55
 Armour: Robe              |     2 |     8 |    22 |    23 |       |       |       |       |       ||    55
         Troll leather arm |       |       |       |    47 |    99 |   115 |   148 |   200 |   343 ||   952
  Dodge: Dodged            |    16 |    14 |    26 |    50 |    29 |    34 |    39 |    47 |    81 ||   336
  Block: Kite shield       |       |       |       |    57 |    73 |   110 |       |       |       ||   240
         Tower shield      |       |       |       |       |       |    42 |   162 |   141 |   313 ||   658
   Form: Death             |       |       |       |       |       |       |       |       |     4 ||     4
                           |       |       |       |       |       |       |       |       |     3 ||     3
